 Dungeon Crawl Stone Soup version 0.20.1-1-g8b1a95d (webtiles) character file.

343 Dawnplanks the Skirmisher (level 6, -7/48 HPs)
             Began as a Demonspawn Abyssal Knight on Nov 25, 2017.
             Was a Believer of Lugonu.
             Mangled by an ogre
             ... wielding a +0 giant club
              (19 damage)
             ... on level 4 of the Dungeon.
             The game lasted 00:19:53 (4520 turns).

Dawnplanks the Skirmisher (DsAK)                    Turns: 4520, Time: 00:19:54

Health: -7/48      AC:  9    Str: 14    XL:     6   Next: 31%
Magic:  0/7        EV:  7    Int: 14    God:    Lugonu [**....]
Gold:   155        SH:  0    Dex: 12    Spells: 5/5 levels left

rFire    + . .     SeeInvis .   v - +2 flail (drain)
rCold    . . .     Gourm    .   (no shield)
rNeg     . . .     Faith    .   t - +0 chain mail
rPois    .         Spirit   +   (no helmet)
rElec    .         Reflect  .   (no cloak)
rCorr    .         Harm     .   (no gloves)
MR       .....                  (no boots)
Stlth    ..........             k - amulet of guardian spirit
Regen    0.2/turn               n - ring of protection from fire
MPRegen  0.2/turn               (no ring)

@: lethally poisoned (-7 -> -13)
A: magic shield, magic regeneration, rot immunity
a: Depart the Abyss, Bend Space, Renounce Religion


You were on level 4 of the Dungeon.
You worshipped Lugonu.
Lugonu was pleased with you.
You were not hungry.

You visited 1 branch of the dungeon, and saw 4 of its levels.
You visited the Abyss 1 time.

You collected 155 gold pieces.

Inventory:

Hand Weapons
 a - a +1 short sword
 o - a +0 flail
 p - a +0 whip of venom
 v - a +2 flail of draining (weapon)
 x - a +1 dagger of venom
Missiles
 q - 153 stones (quivered)
Armour
 b - a +0 leather armour
 j - a +0 ring mail
 t - a +0 chain mail (worn)
 y - a +1 leather armour of cold resistance
Jewellery
 k - an amulet of guardian spirit (around neck)
 n - a ring of protection from fire (left hand)
Wands
 i - a wand of random effects (13/48)
 w - a wand of random effects (14/48)
 B - a wand of random effects (33/48)
Scrolls
 d - 2 scrolls of remove curse {unknown}
 e - a scroll of immolation {unknown}
 h - 2 scrolls of teleportation {unknown}
 l - 5 scrolls of identify {unknown}
 r - a scroll of fog {unknown}
 z - a scroll of magic mapping {unknown}
Potions
 f - a potion of agility
 g - 3 potions of haste {unknown}
 m - 2 potions of brilliance {unknown}
 s - 3 potions of curing {unknown}
 u - a potion of heal wounds
 C - a potion of flight {unknown}
Comestibles
 c - a bread ration
 A - 3 chunks of flesh


   Skills:
 + Level 3.8 Fighting
 + Level 2.8 Short Blades
 + Level 3.1 Maces & Flails
 + Level 3.3 Armour
 + Level 1.9 Dodging
 + Level 0.4 Stealth
 + Level 2.6 Invocations


You had 5 spell levels left.
You didn't know any spells.

Dungeon Overview and Level Annotations

Branches:
Dungeon (4/15)
 Temple: D:4-7

Altars:
Elyvilon
Qazlal
Trog
Vehumet
Yredelemnul


Innate Abilities, Weirdness & Mutations

When hurt, damage is shared between your health and your magic reserves.
You regenerate magic rapidly.
You are immune to rotting.


Message History

You sock the scorpion!
The scorpion is severely wounded.
You feel sick. The scorpion stings you.
You closely miss the scorpion.
The scorpion is severely wounded.
You feel sick. The scorpion stings you.
You are more poisoned.
The scorpion poisons you!
The scorpion stings you but does no damage.
You hit the scorpion. You drain the scorpion!
You kill the scorpion!
Lugonu accepts your kill.
Your Maces & Flails skill increases to level 3!
You feel sick.
You closely miss the ogre.
You feel sick. The ogre hits you with a giant club!
* * * LOW HITPOINT WARNING * * *
You sock the ogre!
The ogre is moderately wounded.
You feel sick. The ogre hits you with a giant club!!
You die...

#...._....#####..##...###..###..#
#..#...#...####..##...# #..###..#
#.###.###..............#.........
#..#...#...............#...[.....
# .......(.............#.........
..##+####.##..####.##.##+####...
##. ... #.##..####.##.# #... #
.....#.....#†....... .....
......'..%..O@....... ..>...
......#.....#........ ......
......###...##.####.. #.....
..... #...# .# . .... .....
#....(.. .... .... #.......# ....
.... #.......# ... #.......# ...
...


You could see an ogre.

Vanquished Creatures
  A scorpion (D:4)
  A howler monkey (D:4)
  A hound (D:4)
  A bullfrog skeleton (D:4)
  An orc wizard (D:3)
  Terence (D:2)
  4 adders
  3 oozes
  A worm (D:3)
  7 dart slugs
  6 orcs
  A ball python (D:1)
  3 giant cockroaches (D:1)
  4 goblins
  5 hobgoblins
  13 jackals
  A quokka (D:3)
  9 bats
  4 frilled lizards
  8 kobolds
  8 rats
  4 withered plants (D:2)
87 creatures vanquished.

Vanquished Creatures (others)
  3 bats (D:2)
  A giant cockroach (D:2)
4 creatures vanquished.

Grand Total: 91 creatures vanquished

Notes
Turn   | Place    | Note
-------+----------+-------------------------------------------
     0 | Abyss:1  | Dawnplanks the Demonspawn Abyssal Knight began the quest for the Orb.
     0 | Abyss:1  | Reached XP level 1. HP: 18/18 MP: 2/2
   100 | Abyss:1  | Noticed an ancient zyme
   100 | D:1      | Escaped the Abyss
   285 | D:1      | Gained mutation: When hurt, damage is shared between your health and your magic reserves. [demonic ancestry]
   285 | D:1      | Reached XP level 2. HP: 17/24 MP: 3/3
   717 | D:1      | Reached * piety under Lugonu
   721 | D:1      | Reached XP level 3. HP: 29/29 MP: 4/4
   731 | D:1      | Reached skill level 1 in Dodging
  1563 | D:2      | Found a basalt altar of Yredelemnul.
  1761 | D:2      | Reached XP level 4. HP: 6/36 MP: 1/5
  2522 | D:2      | Found a white marble altar of Elyvilon.
  2522 | D:2      | Found a bloodstained altar of Trog.
  2818 | D:2      | Noticed Terence
  2839 | D:2      | Killed Terence
  3310 | D:3      | Found a stormy altar of Qazlal.
  3405 | D:3      | Gained mutation: You are immune to rotting. [demonic ancestry]
  3405 | D:3      | Reached XP level 5. HP: 34/41 MP: 6/6
  3928 | D:3      | Reached skill level 1 in Maces & Flails
  3933 | D:3      | Reached ** piety under Lugonu
  4450 | D:4      | Found a radiant altar of Vehumet.
  4475 | D:4      | Gained mutation: You regenerate magic rapidly. [demonic ancestry]
  4475 | D:4      | Reached XP level 6. HP: 45/48 MP: 7/7
  4520 | D:4      | Mangled by an ogre

Skill      XL: |  1  2  3  4  5  6 |
---------------+-------------------+-----
Armour         | 2 3 |  3.3
Short Blades   | 2 |  2.8
Dodging        | 1 |  1.9
Maces & Flails | 2 3 |  3.1
Fighting       | |  3.8
Stealth        | |  0.4
Invocations    | |  2.6

Action                   |  1- 3 |  4- 6 || total
-------------------------+-------+-------++-------
Melee: Short sword       |   152 |   351 ||   503
       Flail             |       |   173 ||   173
Invok: Depart the Abyss  |     1 |       ||     1
  Use: Potion            |       |     5 ||     5
  Eat: Meat ration       |     1 |       ||     1
       Chunk             |     1 |       ||     1
       Bread ration      |       |     1 ||     1
       Royal jelly       |       |     1 ||     1
Armor: Leather armour    |     4 |       ||     4
       Ring mail         |    85 |    27 ||   112
       Chain mail        |       |   164 ||   164
       Skin              |       |    55 ||    55
Dodge: Dodged            |   105 |   132 ||   237
